 Dungeon Crawl Stone Soup version 0.28-a0-919-g0b5b508569 (webtiles) character file.

Game seed: 5783076662635912844

1285 SmokeWeed the Twirler (level 8, -4/66 HPs)
             Began as a Minotaur Gladiator on Nov 25, 2021.
             Slain by a two-headed ogre (22 damage)
             ... on level 5 of the Dungeon.
             The game lasted 00:14:57 (4487 turns).

SmokeWeed the Twirler (Minotaur Gladiator)          Turns: 4487, Time: 00:14:58

Health: -4/66      AC:  6    Str: 18    XL:     8   Next: 29%
Magic:  7/7        EV:  8    Int:  7    God:
Gold:   86         SH: 13    Dex: 13    Spells: 7/7 levels left

rFire   + . .      SeeInvis .   s - +6 whip "Osoradyg" {chaos, rPois rF+ rC+}
rCold   + . .      Faith    .   e - +0 tower shield
rNeg    . . .      Spirit   .   f - +0 ring mail
rPois   +          Reflect  .   c - +0 hat
rElec   .          Harm     .   (no cloak)
rCorr   .          Rampage  .   (no gloves)
Will    .....                   (no boots)
Stlth   +.........              (no amulet)
HPRegen 0.21/turn               (no ring)
MPRegen 0.10/turn               (no ring)

@: no status effects
A: horns 2, retaliatory headbutt
a: no special abilities


You were on level 5 of the Dungeon.
You visited 1 branch of the dungeon, and saw 5 of its levels.

You collected 86 gold pieces.

Inventory:

Hand Weapons
 a - a +0 quarterstaff
 m - a +0 falchion
 s - the +6 whip "Osoradyg" (weapon) {chaos, rPois rF+ rC+}
   (You found it on level 4 of the Dungeon)

   Each time it hits an enemy it has a different, random effect.
   rF:        It protects you from fire.
   rC:        It protects you from cold.
   rPois:     It protects you from poison.
Missiles
 d - 3 throwing nets
 i - 144 stones (quivered)
 u - 6 poisoned darts
Armour
 b - a +0 leather armour
 c - a +0 hat (worn)
 e - a +0 tower shield (worn)
 f - a +0 ring mail (worn)
Magical Staves
 v - a staff of fire
Wands
 p - a wand of paralysis (9)
Scrolls
 h - 5 scrolls of teleportation
 j - 2 scrolls of identify {unknown}
 o - 2 scrolls of magic mapping {unknown}
 q - a scroll of fog
 r - a scroll of vulnerability {unknown}
 t - a scroll of amnesia {unknown}
Potions
 k - a potion of brilliance {unknown}
 l - 2 potions of mutation {unknown}
 n - a potion of invisibility {unknown}


   Skills:
 - Level 4.0 Fighting
 - Level 4.3(6.3) Maces & Flails
 - Level 7.2(7.8) Staves
 - Level 4.0 Throwing
 - Level 4.8 Armour
 - Level 4.3 Dodging
 - Level 0.5 Stealth
 + Level 4.0 Shields


You had 7 spell levels left.
You didn't know any spells.
Your spell library was empty.

Dungeon Overview and Level Annotations

Branches:
Dungeon (5/15)
 Temple: D:4-7

Altars:

Shops:
D:4 ==[*[


Innate Abilities, Weirdness & Mutations

You have a pair of horns on your head.
You reflexively headbutt those who attack you in melee.


Message History

You block the hound's attack.
Your ring mail prevents you from hitting the hound.
Your headbutt misses the hound. You block the hound's attack. x2
You whack the hound!
The hound seems to speed up.
Your headbutt misses the hound.
The hound is heavily wounded.
You block the hound's attack. The hound bites you.
You barely miss the hound.
The hound is heavily wounded.
You block the hound's attack. The hound barely misses you.
The hound bites you but does no damage.
You hit the hound but do no damage.
The hound is heavily wounded.
The hound bites you but does no damage. The hound bites you.
You block the hound's attack.
You barely miss the hound.
The hound is heavily wounded.
The hound bites you. You block the hound's attack.
The hound bites you but does no damage.
You closely miss the hound. You headbutt the hound.
The hound is severely wounded.
The hound barely misses you. You block the hound's attack.
The hound barely misses you.
You whack the hound! You burn the hound.
You kill the hound!
Your Shields skill increases to level 4!
No target in view!
No target in view!
A two-headed ogre comes into view.
It is wielding a +0 giant spiked club and a +0 giant club.
Found a scroll labelled YSO XAOTIL.
The two-headed ogre shouts in stereo!
You closely miss the two-headed ogre. The two-headed ogre barely misses you.
You furiously retaliate!
You headbutt the two-headed ogre.
The two-headed ogre hits you with a +0 giant club!
You whack the two-headed ogre! You headbutt the two-headed ogre.
The two-headed ogre is moderately wounded.
The two-headed ogre hits you with a +0 giant spiked club!!
* * * LOW HITPOINT WARNING * * *
The two-headed ogre hits you with a +0 giant club!!
You die...

#### ...# ######## ...#
####..?..#. ...###
.......... ......
.........# .?# ######
#(...... ...
#########.#.....O# ....
#...............@# .....
#.########.......####.....
#.####.......#.#.#........
..............$(†......>..
#.####.........#.#.##....
#'## ###.....#)# #
...###############.##
......†≈≈≈≈≈≈≈≈≈....#
...##..≈≈≈≈.≈≈≈≈..###


You could see a two-headed ogre.

Vanquished Creatures
  Grinder (D:3)
  Sigmund (D:2)
  A centaur (D:5)
  An ogre (D:4)
  A bullfrog (D:4)
  A scorpion (D:5)
  2 water moccasin zombies (D:5)
  A water moccasin skeleton (D:4)
  A bullfrog zombie (D:5)
  A hound (D:5)
  3 orc priests (D:5)
  An iguana (D:5)
  2 orc wizards (D:4)
  A centaur skeleton (D:4)
  A killer bee zombie (D:5)
  A howler monkey zombie (D:5)
  Robin (D:2)
  4 gnolls (D:5)
  2 adders
  An adder skeleton (D:5)
  An adder zombie (D:5)
  2 worms (D:2)
  3 dart slugs
  10 orcs
  7 endoplasms
  8 giant cockroaches
  18 goblins
  12 hobgoblins
  2 jackals (D:2)
  6 quokkas
  7 ball pythons
  5 bats
  3 frilled lizards
  6 kobolds
  12 rats
130 creatures vanquished.

Vanquished Creatures (others)
  3 withered plants (D:5)
3 creatures vanquished.

Grand Total: 133 creatures vanquished

Notes
Turn   | Place    | Note
-------+----------+-------------------------------------------
     0 | D:1      | SmokeWeed the Minotaur Gladiator began the quest for the
                  | Orb.
     0 | D:1      | Reached XP level 1. HP: 18/18 MP: 0/0
   121 | D:1      | Reached skill level 4 in Staves
   134 | D:1      | Reached XP level 2. HP: 25/25 MP: 1/1
   696 | D:2      | Reached XP level 3. HP: 30/30 MP: 2/2
   761 | D:2      | Noticed Robin
   772 | D:2      | Killed Robin
   774 | D:2      | Reached skill level 5 in Staves
   795 | D:2      | Found a faded altar of an unknown god.
  1017 | D:2      | Reached XP level 4. HP: 37/37 MP: 3/3
  1030 | D:2      | Noticed Sigmund
  1506 | D:3      | Noticed Grinder
  1511 | D:3      | Paralysed by Grinder for 4 turns
  1571 | D:4      | Noticed an ogre
  1577 | D:4      | Killed an ogre
  1578 | D:4      | Reached skill level 6 in Staves
  1578 | D:4      | Reached skill level 1 in Armour
  1578 | D:4      | Reached XP level 5. HP: 39/45 MP: 4/4
  1615 | D:4      | Found Icrudgh's Jewellery Shoppe.
  1659 | D:4      | Found Ibafev's Antique Armour Shoppe.
  1670 | D:4      | Found Hitosaeg's Assorted Antiques.
  1779 | D:4      | Found Elaa's Jewellery Emporium.
  1788 | D:4      | Identified the +6 whip "Osoradyg" {chaos, rPois rF+ rC+}
  1818 | D:4      | Reached XP level 6. HP: 51/51 MP: 5/5
  2155 | D:4      | Found Wemecot's Antique Armour Emporium.
  2296 | D:3      | Paralysed by Grinder for 7 turns
  2481 | D:3      | Killed Grinder
  2482 | D:3      | Reached skill level 7 in Staves
  2482 | D:3      | Reached XP level 7. HP: 34/57 MP: 6/6
  2981 | D:2      | Killed Sigmund
  3548 | D:5      | Entered Level 5 of the Dungeon
  3784 | D:5      | Reached XP level 8. HP: 31/66 MP: 7/7
  4304 | D:5      | Reached skill level 1 in Shields
  4482 | D:5      | Noticed a two-headed ogre
  4487 | D:5      | Slain by a two-headed ogre

Illustrated notes

Levels and vault maps discovered:
D:1:      psy_arrival_conway, layout_basic
D:2:      layout_basic, hellmonk_ecumenical_altar_pennies_from_heaven,
          uniq_sigmund, uniq_robin
D:3:      layout_basic, chequers_serial_rivers_micro_d, uniq_grinder
D:4:      layout_rooms, serial_shops, nicolae_shop_statue_plus,
          nicolae_shop_competitors_out_of_business, nicolae_diamond_shop, shop,
          shop, minmay_misc_feat_x
D:5:      layout_basic, portal_sewer_entry_f, serial_undead, serial_undead_a,
          serial_undead_b, serial_undead_a, serial_undead_a

Skill      XL: |  1  2  3  4  5  6  7  8 |
---------------+-------------------------+-----
Staves         | 4 5 6 7 |  7.2
Fighting       | 3 4 |  4.0
Armour         | 1 2 3 4 |  4.8
Throwing       | 3 4 |  4.0
Maces & Flails | 2 4 |  4.3
Dodging        | 4 |  4.3
Shields        | 4 |  4.0
Stealth        | |  0.5

Action                   |  1- 3 |  4- 6 |  7- 9 || total
-------------------------+-------+-------+-------++-------
Melee: Quarterstaff      |    70 |    50 |       ||   120
       Headbutt          |     5 |    10 |    22 ||    37
       Whip              |       |    40 |   140 ||   180
Throw: Stone             |    26 |    56 |     3 ||    85
  Use: Scroll            |     2 |       |     1 ||     3
       Potion            |       |       |     2 ||     2
Armor: Leather armour    |     7 |       |       ||     7
       Ring mail         |     9 |    29 |    46 ||    84
Dodge: Dodged            |    45 |    42 |    51 ||   138
Block: Tower shield      |       |       |    51 ||    51

Table legend: (Time is in decaauts)
 A = Elapsed time spent in this place.
 B = Non-inter-level travel time spent in this place.
 C = Inter-level travel time spent in this place.
 D = Time resting spent in this place.
 E = Time spent auto-exploring this place.
 F = Levels seen in this place.
 G = Mean time per level.
                   A        B        C        D        E       F      G
               +--------+--------+--------+--------+--------+-----+--------+
         Total |   4514 |   4334 |    180 |    556 |   2536 |   5 |  902.8 |
       Dungeon |   4514 |   4334 |    180 |    556 |   2536 |   5 |  902.8 |
               +--------+--------+--------+--------+--------+-----+--------+

Top non-repeatable levels by time:
     D:4: 999 daAuts
     D:3: 967 daAuts
     D:5: 961 daAuts
     D:2: 932 daAuts
     D:1: 653 daAuts
